[Event "Early-Titled-Tuesday-Blitz-June-18-2024"]
[Site "Chess.com"]
[Date "2024.06.18"]
[Round "2"]
[White "aeiiuu"]
[Black "bubeliang"]
[Result "1-0"]
[WhiteElo "2583"]
[BlackElo "2803"]
[TimeControl "180+1"]
[EndTime "8:16:33 PDT"]
[Termination "aeiiuu won by checkmate"]

1. b3 e5 2. Bb2 Nc6 3. e3 d5 4. Bb5 Ne7 5. Bxe5 a6 6. Bxc6+ Nxc6 7. Bb2 Qg5 8. Nf3 Qxg2 9. Rg1 Qh3 10. Rg3 Qh6 11. Nc3 Be6 12. Ne2 O-O-O 13. Nf4 Rg8 14. Ng5 Qxh2 15. Qf3 Bd6 16. Ngxe6 fxe6 17. O-O-O Bxf4 18. exf4 Qh4 19. Bxg7 Rxg7 20. Rxg7 Qf6 21. Qc3 Nd4 22.
Qxc7# 1-0

[Event "Early-Titled-Tuesday-Blitz-June-18-2024"]
[Site "Chess.com"]
[Date "2024.06.18"]
[Round "2"]
[White "js20000"]
[Black "ArrestingPieces"]
[Result "1-0"]
[WhiteElo "2779"]
[BlackElo "2548"]
[TimeControl "180+1"]
[EndTime "8:16:33 PDT"]
[Termination "js20000 won by resignation"]

1. e4 e5 2. Nf3 Nc6 3. Nc3 Nf6 4. Bb5 Nd4 5. Bc4 Bc5 6. d3 d6 7. Nxd4 Bxd4 8. Ne2 Bb6 9. O-O O-O 10. Ng3 h6 11. c3 c6 12. Bb3 Be6 13. Bc2 Qd7 14.
h3 Rad8 15. d4 Rfe8 16. Be3 Qc8 17. Qf3 Ng4 18. Bd2 Nf6 19. Bxh6 exd4 20. Bg5 dxc3 21. Bxf6 gxf6 22. bxc3 Bxh3 23. gxh3 Qxh3 24. Qg2 Qg4 25. Nf5 Qxg2+ 26. Kxg2 d5 27. Kf3 Re5 28. Rh1 Rxf5+ 29. exf5 Rd7 30. Rae1 Kf8 31. Rh8+ Kg7 32. Ree8 1-0

[Event "Early-Titled-Tuesday-Blitz-June-18-2024"]
[Site "Chess.com"]
[Date "2024.06.18"]
[Round "2"]
[White "dropstoneDP"]
[Black "viktorskliarov"]
[Result "1-0"]
[WhiteElo "2976"]
[BlackElo "2647"]
[TimeControl "180+1"]
[EndTime "8:16:34 PDT"]
[Termination "dropstoneDP won by resignation"]

1. e4 c5 2. Nf3 Nc6 3. Nc3 Nf6 4. Bb5 Nd4 5. e5 Nxb5 6. Nxb5 Nd5 7. Ng5 f6 8. Qf3 Nb4 9. exf6 exf6 10. O-O Be7 11. Qh5+ g6 12. Qh6 fxg5 13. Qg7 Rf8 14. d4 a6 15. Bxg5 axb5 16. Bxe7 Qxe7 17. Rae1 Nd5 18.
Rxe7+ Nxe7 19. Re1 Rf7 20. Qg8+ Rf8 21. Qxh7 Rf7 22.
Qg8+ Rf8 23. Qxg6+ Kd8 24. Qb6+ Ke8 25. d5 d6 26. Qxd6 Rf7 27. Qxc5 Kd7 28. Qxb5+ Kd6 29. Qb6+ Kxd5 30. Qd8+ 1-0

[Event "Early-Titled-Tuesday-Blitz-June-18-2024"]
[Site "Chess.com"]
[Date "2024.06.18"]
[Round "2"]
[White "GiorgianBarbosa"]
[Black "Guldona_2007"]
[Result "1-0"]
[WhiteElo "2503"]
[BlackElo "2259"]
[TimeControl "180+1"]
[EndTime "8:16:34 PDT"]
[Termination "GiorgianBarbosa won by checkmate"]

1. d4 f5 2. Nc3 Nf6 3. Bf4 g6 4. e3 Bg7 5. Nf3 O-O 6. h4 h6 7. Ne5 Kh7 8. g4 fxg4 9. Bd3 Kg8 10. Nxg6 Re8 11. Rg1 d6 12. d5 e5 13. dxe6 Bxe6 14.
Qe2 Nc6 15. O-O-O Ne7 16. Bh2 a6 17. Nf4 Bf7 18. Rxg4 Nxg4 19. Qxg4 Qc8 20. Qf3 Nf5 21. Rg1 Kh8 22. Qg2 Rg8 23. Qe4 Bxc3 24. Rxg8+ Bxg8 25.
bxc3 Nxh4 26. Qd4# 1-0

[Event "Early-Titled-Tuesday-Blitz-June-18-2024"]
[Site "Chess.com"]
[Date "2024.06.18"]
[Round "2"]
[White "Barmen_EV"]
[Black "Chempiblinka"]
[Result "1-0"]
[WhiteElo "2549"]
[BlackElo "2358"]
[TimeControl "180+1"]
[EndTime "8:16:37 PDT"]
[Termination "Barmen_EV won by checkmate"]

1. e4 c5 2. c3 Nf6 3. e5 Nd5 4. d4 cxd4 5. Nf3 Nc6 6. cxd4 d6 7. Bc4 Nb6 8. Bxf7+ Kxf7 9. e6+ Kg8 10. d5 Ne5 11. Nc3 h6 12. O-O g6 13. Nxe5 dxe5 14. Qg4 Qe8 15. f4 exf4 16. Rxf4 Bg7 17. Rf7 Kh7 18. Qh4 h5 19. Be3 Rf8 20. Raf1 Kg8 21. Qe4 Kh7 22.
Bd4 Rxf7 23. Rxf7 Qxf7 24. exf7 Bf5 25. Qf4 Bxd4+ 26. Qxd4 Rf8 27. Ne4 Bxe4 28. Qxe4 Rxf7 29. h4 Kg7 30. Qe5+ Kf8 31. Qh8# 1-0

[Event "Early-Titled-Tuesday-Blitz-June-18-2024"]
[Site "Chess.com"]
[Date "2024.06.18"]
[Round "2"]
[White "Grebnev_A"]
[Black "secrethawk1"]
[Result "1-0"]
[WhiteElo "2707"]
[BlackElo "2418"]
[TimeControl "180+1"]
[EndTime "8:16:40 PDT"]
[Termination "Grebnev_A won on time"]

1. Nf3 Nf6 2. c4 c6 3. Nc3 d5 4. e3 e6 5. b3 Nbd7 6. Bb2 Be7 7. d4 O-O 8. Bd3 b6 9. O-O Bb7 10. Qc2 Qc7 11. Rfe1 Rad8 12. Rad1 Rfe8 13. h3 Qb8 14. Qe2 c5 15. cxd5 Nxd5 16. Nxd5 Bxd5 17. Bb5 Qc7 18.
e4 Bc6 19. Bxc6 Qxc6 20. d5 exd5 21. exd5 Qd6 22. Qa6 Qc7 23. d6 Bxd6 24. Rxe8+ Rxe8 25. Qd3 Re6 26. Ng5 Rg6 27. Ne4 Bh2+ 28. Kh1 Nf8 29.
g3 Bxg3 30. Nxg3 Qc6+ 31. Kh2 h5 32. Qd5 Qe8 33. Qxh5 Qe6 34. Rd8 Qe7 35. Qd5 1-0

[Event "Early-Titled-Tuesday-Blitz-June-18-2024"]
[Site "Chess.com"]
[Date "2024.06.18"]
[Round "2"]
[White "Iball95"]
[Black "NajdorfPlayerc5"]
[Result "1-0"]
[WhiteElo "2843"]
[BlackElo "2427"]
[TimeControl "180+1"]
[EndTime "8:16:42 PDT"]
[Termination "Iball95 won by resignation"]

1. e4 c5 2. Nf3 d6 3. Nc3 Nf6 4. d4 cxd4 5. Qxd4 Nc6 6. Bb5 Bd7 7.
Bxc6 Bxc6 8. Bg5 e6 9. O-O-O Be7 10. Rhe1 O-O 11. e5 dxe5 12. Nxe5 Qxd4 13. Rxd4 Rad8 14. Nxc6 bxc6 15. Rxd8 Rxd8 16. Ne4 Nxe4 17. Bxe7 Rd7 18. Rxe4 Rxe7 19. Rc4 Rc7 20. b4 Kf8 21. Kd2 Ke7 22. Kc3 e5 23. Rc5 Kd6 24. Ra5 f5 25. Kc4 g6 26. a4 e4 27. Ra6 Ke5 28. g3 f4 29.
Ra5+ Ke6 30. gxf4 Rd7 31. Re5+ Kf6 32. Kc3 Rd5 33. Rxd5 cxd5 34. Kd4 Ke6 35. b5 Kd6 36. a5 h6 37. h4 h5 38. c3 Ke6 39. b6 axb6 40.
a6 1-0

[Event "Early-Titled-Tuesday-Blitz-June-18-2024"]
[Site "Chess.com"]
[Date "2024.06.18"]
[Round "2"]
[White "luachess1"]
[Black "Milop27"]
[Result "0-1"]
[WhiteElo "1911"]
[BlackElo "2443"]
[TimeControl "180+1"]
[EndTime "8:16:42 PDT"]
[Termination "Milop27 won by checkmate"]

1. d4 d5 2. Bf4 Nf6 3. Nf3 e6 4. e3 Bd6 5. Bg3 c5 6. c3 Qc7 7. Nbd2 Nbd7 8. Bd3 O-O 9. O-O e5 10. Bb1 e4 11. Ne1 Bxg3 12. hxg3 Re8 13. a3 Nf8 14. Ba2 c4 15. Nc2 Qd6 16. Qe2 Ng4 17. f3 exf3 18. gxf3 Qxg3+ 19. Qg2 Qxg2+ 20. Kxg2 Nxe3+ 21. Nxe3 Rxe3 22. Kf2 Re8 23. Rh1 Bf5 24. Rag1 Bd3 25. Re1 Ng6 26.
b3 b5 27. a4 a6 28. bxc4 bxc4 29. Nf1 Rxe1 30. Kxe1 Re8+ 31. Kd2 Re2+ 32. Kd1 Rxa2 33. Nd2 Ra1+ 34. Nb1 Rxb1+ 35. Kd2 Rxh1 36. Ke3 Re1+ 37. Kd2 Re2+ 38. Kd1 h5 39. f4 h4 40. a5 h3 41. f5 h2 42. fxg6 h1=Q# 0-1

[Event "Early-Titled-Tuesday-Blitz-June-18-2024"]
[Site "Chess.com"]
[Date "2024.06.18"]
[Round "2"]
[White "komogro"]
[Black "JJDAREK"]
[Result "1-0"]
[WhiteElo "2539"]
[BlackElo "2328"]
[TimeControl "180+1"]
[EndTime "8:16:45 PDT"]
[Termination "komogro won on time"]

1. Nf3 g6 2. g3 Bg7 3. Bg2 Nf6 4.
d3 O-O 5. Nc3 c5 6. Bd2 Nc6 7.
Qc1 e5 8. Bh6 d5 9. Bxg7 Kxg7 10.
h4 h6 11. O-O Bg4 12. Re1 d4 13. Nb1 e4 14. dxe4 Nxe4 15. c3 Re8 16. cxd4 cxd4 17.
Nbd2 Rc8 18. Nxe4 Rxe4 19. Qd2 Qe7 20. Rac1 Re8 21. Rxc6 bxc6 22. Nxd4 c5 23. Bxe4 Qxe4 24. Nc2 Bxe2 25. Qc3+ Kg8 26. Qxc5 h5 27. Nd4 1-0

[Event "Early-Titled-Tuesday-Blitz-June-18-2024"]
[Site "Chess.com"]
[Date "2024.06.18"]
[Round "2"]
[White "EvgenyBurmakin"]
[Black "Stanbad1"]
[Result "1-0"]
[WhiteElo "2397"]
[BlackElo "2725"]
[TimeControl "180+1"]
[EndTime "8:16:49 PDT"]
[Termination "EvgenyBurmakin won by checkmate"]

1. e4 e6 2. d4 d5 3. Nd2 Nf6 4. e5 Nfd7 5. f4 c5 6. c3 Nc6 7. Ndf3 a5 8. Bd3 a4 9. Ne2 a3 10. b3 cxd4 11. cxd4 Bb4+ 12. Bd2 Bxd2+ 13. Qxd2 f6 14.
O-O O-O 15. Rac1 Qe7 16. Bb1 fxe5 17. fxe5 g6 18. Nf4 Nb6 19. h4 Bd7 20. h5 g5 21.
Ne2 h6 22. Nh2 Rxf1+ 23. Rxf1 Rf8 24. Rxf8+ Qxf8 25. Ng4 Ne7 26. Nf6+ Kg7 27. Qd3 Nf5 28. g4 Qb4 29. gxf5 Bb5 30. Qc3 Qe7 31. Ng3 Bd7 32. fxe6 Bxe6 33. Qc2 Kf8 34. Qg6 Qb4 35. Qe8+ Kg7 36. Qxe6 Qe1+ 37. Nf1 Qxb1 38. Qg8# 1-0

[Event "Early-Titled-Tuesday-Blitz-June-18-2024"]
[Site "Chess.com"]
[Date "2024.06.18"]
[Round "2"]
[White "Arteler"]
[Black "pinelone"]
[Result "0-1"]
[WhiteElo "2209"]
[BlackElo "2484"]
[TimeControl "180+1"]
[EndTime "8:16:49 PDT"]
[Termination "pinelone won on time"]

1. e4 c6 2. Nf3 d5 3. Nc3 dxe4 4. Nxe4 Nf6 5. Neg5 h6 6. Nxf7 Kxf7 7. Bc4+ e6 8.
d4 Bd6 9. O-O Rf8 10. Re1 Kg8 11. Bd3 Na6 12. Ne5 Nb4 13. Ng6 Nxd3 14. Qxd3 Rf7 15.
Nh4 Bd7 16. Qg6 Nd5 17. Nf3 Qf6 18. Qd3 Raf8 19. c4 Nf4 20. Qe4 Nxg2 21. Kxg2 Qxf3+ 22. Qxf3 Rxf3 0-1

[Event "Early-Titled-Tuesday-Blitz-June-18-2024"]
[Site "Chess.com"]
[Date "2024.06.18"]
[Round "2"]
[White "Evan_Attaker"]
[Black "unbreakablepawn35"]
[Result "1-0"]
[WhiteElo "2692"]
[BlackElo "2395"]
[TimeControl "180+1"]
[EndTime "8:16:50 PDT"]
[Termination "Evan_Attaker won by resignation"]

1. a3 e5 2. c4 Nf6 3. d3 d5 4.
cxd5 Nxd5 5. Nf3 Nc6 6. g3 g6 7. Bg2 Bg7 8. O-O O-O 9. Nc3 Nde7 10. Bg5 h6 11. Bd2 Be6 12. b4 f5 13. Rc1 a6 14.
Na4 Rb8 15. Nc5 Bf7 16. Bc3 Nd5 17. Ba1 Qd6 18. Nd2 Nd8 19. Nc4 Qe7 20. e4 Nb6 21. exf5 gxf5 22. Ne3 Qf6 23. f4 Qg6 24. Bxe5 Bxe5 25.
fxe5 Be6 26. d4 c6 27. d5 cxd5 28. Nxd5 Nxd5 29. Bxd5 Kg7 30. Bxe6 Nxe6 31. Qd7+ Rf7 32.
Qxe6 1-0

[Event "Early-Titled-Tuesday-Blitz-June-18-2024"]
[Site "Chess.com"]
[Date "2024.06.18"]
[Round "2"]
[White "ATM622"]
[Black "ab-lsv"]
[Result "1-0"]
[WhiteElo "2547"]
[BlackElo "2358"]
[TimeControl "180+1"]
[EndTime "8:16:50 PDT"]
[Termination "ATM622 won by checkmate"]

1. d4 d5 2. c4 c6 3. Nf3 Nf6 4. Nbd2 Bf5 5. Nh4 Be4 6. e3 e6 7. Be2 Bd6 8. O-O Nbd7 9. b3 Qc7 10. h3 g5 11. Nhf3 g4 12. hxg4 Nxg4 13. c5 Be7 14.
Bb2 Rg8 15. Re1 f5 16. Nf1 O-O-O 17. b4 f4 18. exf4 Qxf4 19. Bc1 Qf7 20. Qa4 a6 21. Ng3 Rdf8 22. Bxa6 Bxf3 23. Qxc6+ Kd8 24. Bxb7 Nb8 25. Qc8# 1-0

[Event "Early-Titled-Tuesday-Blitz-June-18-2024"]
[Site "Chess.com"]
[Date "2024.06.18"]
[Round "2"]
[White "MANOJ_MISHRA123"]
[Black "anemih"]
[Result "0-1"]
[WhiteElo "2200"]
[BlackElo "2482"]
[TimeControl "180+1"]
[EndTime "8:16:50 PDT"]
[Termination "anemih won by resignation"]

1. d4 d5 2. c4 e6 3. Nf3 Nf6 4.
g3 dxc4 5. Bg2 c5 6. O-O Nc6 7.
e3 Be7 8. Na3 cxd4 9. Nxc4 dxe3 10. Qxd8+ Nxd8 11. Bxe3 Nc6 12. Nfe5 Nd5 13. Rfd1 Nxe3 14.
fxe3 Nxe5 15. Nxe5 Bc5 16. Kf2 f6 17. Nd3 Bb6 18. Rac1 Ke7 19. Nc5 Bxc5 20. Rxc5 Rd8 21. Rc7+ Rd7 22. Rdxd7+ Bxd7 23. Bxb7 Rd8 24. Bc6 Kd6 25.
Rxd7+ Rxd7 26. Bxd7 Kxd7 27. Kf3 Kd6 28. Ke4 Kc5 29.
g4 g6 30. g5 fxg5 31. Ke5 h5 32. Kf6 g4 33. Kg5 Kd5 34. Kf4 e5+ 35. Kg3 Ke4 36. b4 Kxe3 37. b5 Kd4 38. h3 gxh3 39. Kxh3 Kc5 0-1

[Event "Early-Titled-Tuesday-Blitz-June-18-2024"]
[Site "Chess.com"]
[Date "2024.06.18"]
[Round "2"]
[White "Jospem"]
[Black "sanbruh"]
[Result "1-0"]
[WhiteElo "3051"]
[BlackElo "2436"]
[TimeControl "180+1"]
[EndTime "8:16:51 PDT"]
[Termination "Jospem won by resignation"]

1. e4 c5 2. Nf3 d6 3. d4 cxd4 4. Nxd4 Nf6 5. Nc3 a6 6. f3 e5 7. Nb3 Be7 8. Be3 Be6 9. Qd2 Nbd7 10. O-O-O O-O 11. Kb1 b5 12. g4 Nb6 13. g5 Nh5 14.
Rg1 Nc4 15. Bxc4 bxc4 16. Nc1 Rb8 17. N1e2 Kh8 18. Ka1 Qc7 19. Ng3 Nf4 20. Bxf4 exf4 21. Nge2 Qb7 22. Rb1 d5 23. exd5 Rfd8 24. Nxf4 Bb4 25.
g6 Bxc3 26. bxc3 Qc7 27. Qd4 Rxb1+ 28. Kxb1 Rb8+ 29. Kc1 Bf5 30. gxf7 Qxf7 31. d6 Bxc2 32. Kxc2 Qf5+ 33. Qe4 Qa5 34. Kd2 Rb2+ 35. Kd1 Qa4+ 36. Kc1 Rb8 37. d7 Qa3+ 38. Kd1 Qa4+ 39. Ke1 Qxd7 40.
Ne2 Qa7 41. Qd4 Rb1+ 42. Kf2 Qxd4+ 43. cxd4 Rb2 44. Rc1 Rxa2 45. Rxc4 h6 46. d5 Rd2 47. Rd4 Ra2 48. d6 1-0

[Event "Early-Titled-Tuesday-Blitz-June-18-2024"]
[Site "Chess.com"]
[Date "2024.06.18"]
[Round "2"]
[White "Acva-Alenok"]
[Black "Athanasios2"]
[Result "0-1"]
[WhiteElo "2403"]
[BlackElo "2743"]
[TimeControl "180+1"]
[EndTime "8:16:52 PDT"]
[Termination "Athanasios2 won on time"]

1. d4 Nf6 2. c4 g6 3. Nf3 Bg7 4. g3 O-O 5. Bg2 b6 6. O-O Bb7 7. Re1 Ne4 8. Qc2 f5 9. d5 e6 10. dxe6 Nc6 11. Rd1 d6 12. Nbd2 Ne7 13. Ng5 Nxg5 14.
Bxb7 Rb8 15. Bg2 Nxe6 16. Nf3 Qe8 17. Ng5 Nxg5 18. Bxg5 Kh8 19. h4 Ng8 20. e4 Qe5 0-1

[Event "Early-Titled-Tuesday-Blitz-June-18-2024"]
[Site "Chess.com"]
[Date "2024.06.18"]
[Round "2"]
[White "Lion-Al-Messi"]
[Black "Kacparov"]
[Result "1-0"]
[WhiteElo "2634"]
[BlackElo "2879"]
[TimeControl "180+1"]
[EndTime "8:16:54 PDT"]
[Termination "Lion-Al-Messi won by resignation"]

1. e4 c5 2. Nf3 e6 3. d4 cxd4 4.
Nxd4 Nc6 5. Nc3 Qc7 6. Be3 a6 7. Qd2 Nf6 8. O-O-O Bb4 9. f3 Ne5 10. Nb3 b5 11. Qe1 Rb8 12. Bd4 Nc6 13. Bxf6 gxf6 14. a3 Be7 15. Kb1 b4 16. axb4 Bxb4 17. Qe3 Ne5 18.
f4 Ng6 19. g3 Bb7 20. Na4 Rc8 21. Bd3 O-O 22. h4 Ne7 23. Qd4 a5 24. Qxf6 Nc6 25. e5 Be7 26. Qh6 f5 27. exf6 Rxf6 28. Qxh7+ Kf8 29.
Bg6 Rxg6 30. Qxg6 Nb4 31. Rh2 Qc6 32. Nc3 Qf3 33. Nd4 Qe3 34. Re2 Rxc3 35. Rxe3 Rxe3 36. f5 Be4 37. Qh6+ 1-0

[Event "Early-Titled-Tuesday-Blitz-June-18-2024"]
[Site "Chess.com"]
[Date "2024.06.18"]
[Round "2"]
[White "Xavier_mompel"]
[Black "ChessSwole"]
[Result "1-0"]
[WhiteElo "2439"]
[BlackElo "2709"]
[TimeControl "180+1"]
[EndTime "8:16:54 PDT"]
[Termination "Xavier_mompel won by resignation"]

1. e4 e5 2. Nf3 Nc6 3. Bb5 f5 4. d3 fxe4 5. dxe4 Nf6 6. O-O Bc5 7. Nc3 d6 8. Bg5 O-O 9. Nd5 Kh8 10. Nxf6 gxf6 11. Bh6 Rg8 12. Bc4 Rg6 13. Qd2 Qe7 14. Kh1 Be6 15. Bxe6 Qxe6 16. Nh4 Rg4 17. Nf5 Rag8 18. f3 Rxg2 19. Qxg2 Rxg2 20. Kxg2 Qc4 21. Kh1 Qxc2 22. Rg1 Bxg1 23. Rxg1 1-0

[Event "Early-Titled-Tuesday-Blitz-June-18-2024"]
[Site "Chess.com"]
[Date "2024.06.18"]
[Round "2"]
[White "InadaC"]
[Black "Erdnya15"]
[Result "0-1"]
[WhiteElo "2229"]
[BlackElo "2496"]
[TimeControl "180+1"]
[EndTime "8:16:55 PDT"]
[Termination "Erdnya15 won by checkmate"]

1. d4 d5 2. c4 c6 3. Nc3 Nf6 4. cxd5 cxd5 5. Bg5 Ne4 6. Bh4 Nxc3 7. bxc3 Nc6 8. e3 Qa5 9. Qb3 e6 10. Nf3 Bd6 11. Bd3 O-O 12. O-O h6 13. c4 dxc4 14.
Bxc4 Qc7 15. Rac1 Na5 16. Qd3 Nxc4 17. Rxc4 Qb6 18. Rb1 Qa6 19. Qb3 Bd7 20. Rcc1 Bc6 21. Nd2 Bd5 22. Qc3 Rac8 23. Qa1 Qd3 24. Nf1 Qe4 25.
f3 Qxh4 26. e4 Bc4 27. Ne3 Bxh2+ 28. Kh1 Bg3+ 29. Kg1 Qh2# 0-1

[Event "Early-Titled-Tuesday-Blitz-June-18-2024"]
[Site "Chess.com"]
[Date "2024.06.18"]
[Round "2"]
[White "NovakRatko"]
[Black "FXDon77"]
[Result "0-1"]
[WhiteElo "2430"]
[BlackElo "2888"]
[TimeControl "180+1"]
[EndTime "8:16:56 PDT"]
[Termination "FXDon77 won by checkmate"]

1. d4 Nf6 2. c4 e6 3. Bg5 b6 4.
Nc3 Bb4 5. f3 Bxc3+ 6. bxc3 h6 7. Bh4 d6 8. e4 Nc6 9. Bd3 e5 10. Ne2 Ba6 11. Qa4 Bb7 12. d5 Qd7 13. dxc6 Bxc6 14.
Qc2 g5 15. Bf2 Nh5 16. g4 Ng7 17. h4 f6 18. hxg5 fxg5 19. Be3 Ne6 20. Ng3 O-O-O 21.
Nf5 Kb7 22. a4 a5 23. Kf2 Rdf8 24. Rxh6 Rxh6 25. Nxh6 Qh7 26. Rh1 Rf6 27. Kg3 Rxh6 28. Rxh6 Qxh6 29. c5 Qh1 30. cxb6 Nf4 31. Bxf4 Qg1+ 32.
Kh3 exf4 33. bxc7 Qg3# 0-1

[Event "Early-Titled-Tuesday-Blitz-June-18-2024"]
[Site "Chess.com"]
[Date "2024.06.18"]
[Round "2"]
[White "Msb2"]
[Black "Juwen"]
[Result "1-0"]
[WhiteElo "3052"]
[BlackElo "2660"]
[TimeControl "180+1"]
[EndTime "8:16:57 PDT"]
[Termination "Msb2 won by resignation"]

1. d4 Nf6 2. c4 e6 3. Nc3 Bb4 4. e3 O-O 5. Bd2 b6 6. Nf3 Bb7 7. Bd3 d5 8. cxd5 exd5 9. Rc1 Be7 10. O-O c5 11. Ne5 Nc6 12. a3 Bd6 13. Ng4 cxd4 14.
exd4 Be7 15. Bg5 Ne4 16. Bxe7 Nxe7 17. Ne3 Rc8 18. Qf3 f5 19. Qh3 a6 20. Ne2 Qd6 21. f3 Nd2 22. Nxf5 Nxf5 23. Bxf5 Rxf5 24. Qxf5 Rf8 25.
Qe5 Qxe5 26. dxe5 Nxf1 27. Kxf1 a5 28. Nd4 Ba6+ 29. Kf2 g5 30. Rc6 Bc4 31. b3 Bd3 32.
Ke3 Bg6 33. Rxb6 Re8 34. e6 Rc8 35. Nc6 Kg7 36. Kd4 Kf6 37. Kxd5 1-0

[Event "Early-Titled-Tuesday-Blitz-June-18-2024"]
[Site "Chess.com"]
[Date "2024.06.18"]
[Round "2"]
[White "Laico"]
[Black "elizabethcastaneda"]
[Result "1-0"]
[WhiteElo "2443"]
[BlackElo "1905"]
[TimeControl "180+1"]
[EndTime "8:16:57 PDT"]
[Termination "Laico won on time"]

1. e4 c5 2. Nc3 g6 3. f4 Bg7 4.
Nf3 e6 5. f5 exf5 6. exf5 Ne7 7. fxg6 hxg6 8. d4 cxd4 9. Nxd4 d5 10. Bg5 Nbc6 11. Bb5 Qb6 12. Bxe7 Qxd4 13. Qxd4 Bxd4 14. Nxd5 Be6 15. Bf6 Bxf6 16. Nxf6+ Ke7 17. Bxc6 bxc6 18.
Ne4 Rh4 19. Nf2 Rd8 20. Rd1 Rdh8 21. h3 Bd5 22. O-O f5 23. b3 Kf6 24. c4 Be6 25. Rd6 Re8 26. Rxc6 g5 27. Ng4+ 1-0

[Event "Early-Titled-Tuesday-Blitz-June-18-2024"]
[Site "Chess.com"]
[Date "2024.06.18"]
[Round "2"]
[White "MaestroCheck"]
[Black "Sam_ChessMood"]
[Result "0-1"]
[WhiteElo "2638"]
[BlackElo "2958"]
[TimeControl "180+1"]
[EndTime "8:16:59 PDT"]
[Termination "Sam_ChessMood won by resignation"]

1. e4 e5 2. Nf3 Nc6 3. d4 exd4 4.
Bc4 Nf6 5. e5 d5 6. Bb5 Ne4 7.
Nxd4 Bd7 8. Bxc6 bxc6 9. O-O Be7 10. f3 Nc5 11. f4 O-O 12. Nc3 f6 13. Qe2 fxe5 14.
fxe5 Rxf1+ 15. Qxf1 Ne6 16. Nf5 Bc5+ 17. Kh1 Qf8 18.
Bd2 Nd4 19. Nxd4 Qxf1+ 20. Rxf1 Bxd4 21. Re1 Re8 22. Bf4 Bf5 23. e6 Rxe6 24. Rxe6 Bxe6 25. Bxc7 Bf5 26. Ne2 Bxb2 27. Bb8 a5 28. c3 a4 29. Bd6 a3 30. Nd4 Bb1 31. Kg1 Bxa2 32. Nc2 Bxc3 33. Bxa3 d4 34. Nb4 Bc4 35. Kf2 d3 36.
Na2 Bxa2 0-1

[Event "Early-Titled-Tuesday-Blitz-June-18-2024"]
[Site "Chess.com"]
[Date "2024.06.18"]
[Round "2"]
[White "jguerramzllo"]
[Black "BobbyFischer1508"]
[Result "1-0"]
[WhiteElo "2668"]
[BlackElo "2413"]
[TimeControl "180+1"]
[EndTime "8:16:59 PDT"]
[Termination "jguerramzllo won on time"]

1. e4 e6 2. d4 d5 3. exd5 exd5 4. Nf3 Bd6 5. c4 Nf6 6. Nc3 O-O 7. cxd5 h6 8. Be2 Nbd7 9. O-O Nb6 10. Qb3 a6 11. a4 Nbxd5 12. Bd2 Nf4 13. Bc4 c6 14. Rfe1 Bc7 15.
Bxf4 Bxf4 16. h3 Rb8 17. a5 Nh7 18. Ne4 Ng5 19. d5 Nxf3+ 20. Qxf3 cxd5 21. Qxf4 Be6 22. Red1 1-0

[Event "Early-Titled-Tuesday-Blitz-June-18-2024"]
[Site "Chess.com"]
[Date "2024.06.18"]
[Round "2"]
[White "HATilay"]
[Black "Vaathi_Coming"]
[Result "1-0"]
[WhiteElo "2636"]
[BlackElo "2882"]
[TimeControl "180+1"]
[EndTime "8:17:00 PDT"]
[Termination "HATilay won on time"]

1. e4 g6 2. d4 Bg7 3. Nc3 d6 4. Be3 a6 5. f3 b5 6. Qd2 Nd7 7. h4 h5 8. Nh3 Ngf6 9. Ng5 Bb7 10. a4 c6 11. Be2 O-O 12. O-O e5 13. dxe5 Nxe5 14.
axb5 axb5 15. Rxa8 Bxa8 16. Rd1 Ne8 17. f4 Ng4 18.
Bxg4 hxg4 19. e5 Qd7 20. Nce4 c5 21. Nxd6 Qc6 22. Qe2 1-0

[Event "Early-Titled-Tuesday-Blitz-June-18-2024"]
[Site "Chess.com"]
[Date "2024.06.18"]
[Round "2"]
[White "SirStrateg"]
[Black "HansOnTwitch"]
[Result "0-1"]
[WhiteElo "2679"]
[BlackElo "3163"]
[TimeControl "180+1"]
[EndTime "8:17:01 PDT"]
[Termination "HansOnTwitch won by resignation"]

1. d4 Nf6 2. Bg5 d5 3. Bxf6 gxf6 4. e3 c5 5. dxc5 e6 6. Nf3 Nc6 7.
Be2 Bxc5 8. Nbd2 e5 9. a3 e4 10.
Nh4 f5 11. g3 f4 12. Nb3 Be7 13. exf4 Bxh4 14. gxh4 Be6 15. Qd2 Qxh4 16. f5 Bxf5 17.
Qxd5 Be6 18. Qh5 Qxh5 19. Bxh5 O-O-O 20. Nc5 Rd5 21. Nxe6 Rxh5 22. Nf4 Rf5 23. Ne2 Rd8 24. Nc3 Nd4 25. O-O-O Rxf2 26. Nxe4 Rxc2+ 27. Kb1 Re2 28. Ng5 f5 29. Nxh7 f4 30. Ng5 Nb3 31. Rxd8+ Kxd8 32. Ka2 Nd2 33. Rd1 Ke7 34. h4 f3 35. Rf1 Nxf1 0-1

[Event "Early-Titled-Tuesday-Blitz-June-18-2024"]
[Site "Chess.com"]
[Date "2024.06.18"]
[Round "2"]
[White "falzehope0"]
[Black "unkiyto"]
[Result "1-0"]
[WhiteElo "2437"]
[BlackElo "2699"]
[TimeControl "180+1"]
[EndTime "8:17:01 PDT"]
[Termination "falzehope0 won by resignation"]

1. d4 Nf6 2. e3 g6 3. Bd3 d5 4. f4 Bg7 5. Nf3 O-O 6. O-O c5 7. c3 Nc6 8. Nbd2 b6 9. Qe1 cxd4 10. exd4 Nh5 11. Ne5 Bb7 12. Nxc6 Bxc6 13. f5 Nf6 14. Nf3 Bd7 15. fxg6 hxg6 16. Ng5 Qc7 17. Qh4 Nh5 18. g4 f6 19. Nh3 Qc8 20. Nf2 f5 21. gxh5 Bf6 22.
Qg3 g5 23. Bxg5 Bxg5 24. Qxg5+ Kh8 25. Qh6+ Kg8 26. Kh1 Rf6 27. Rg1+ Kf7 28. Qf4 Ke8 29. Rg8+ Rf8 30. Rxf8+ Kxf8 31. Rg1 Kf7 32. Rg6 Be6 33. Qe5 1-0

[Event "Early-Titled-Tuesday-Blitz-June-18-2024"]
[Site "Chess.com"]
[Date "2024.06.18"]
[Round "2"]
[White "Zampronha1971"]
[Black "NikolaGry"]
[Result "0-1"]
[WhiteElo "2416"]
[BlackElo "2705"]
[TimeControl "180+1"]
[EndTime "8:17:03 PDT"]
[Termination "NikolaGry won by resignation"]

1. e4 d5 2. exd5 Nf6 3. c4 c6 4. d4 cxd5 5. Nc3 e6 6. Nf3 Bb4 7. Qc2 Nc6 8. a3 Bxc3+ 9. bxc3 dxc4 10. Bxc4 O-O 11. O-O b6 12. Bg5 h6 13. Bh4 Bb7 14.
Qe2 Rc8 15. Bd3 Ne7 16. Bxf6 gxf6 17. c4 Bxf3 18. Qxf3 Qxd4 19. Rfd1 Qe5 20. Re1 Qg5 21.
Qb7 Ng6 22. Re3 f5 23. Rg3 Qf6 24. Re1 f4 25. Rh3 Ne5 26. Qe4 Nxd3 27. Qxd3 Rfd8 28. Qe4 Rd4 29. Qb7 Rdxc4 30. Qxa7 Rc1 31. Rf1 Qa1 32. Qa6 Rxf1+ 0-1

[Event "Early-Titled-Tuesday-Blitz-June-18-2024"]
[Site "Chess.com"]
[Date "2024.06.18"]
[Round "2"]
[White "drdaro"]
[Black "Patricius007"]
[Result "0-1"]
[WhiteElo "2314"]
[BlackElo "2535"]
[TimeControl "180+1"]
[EndTime "8:17:03 PDT"]
[Termination "Patricius007 won on time"]

1. Nf3 d5 2. g3 c5 3. Bg2 Nc6 4. O-O e5 5. d3 h5 6. h4 Be7 7. Nbd2 Bg4 8. c3 Qd7 9. Qc2 Bh3 10. e4 Bxg2 11. Kxg2 d4 12. Nc4 f6 13. a4 Nh6 14.
cxd4 cxd4 15. Bxh6 Rxh6 16. Qb3 Rd8 17. Rac1 Rg6 18.
Kh2 b6 19. a5 bxa5 20. Na3 Nb4 21. Qg8+ Bf8 22. Qc4 Rg4 23. Nb5 Bd6 24. Qg8+ Ke7 25. Qc4 a6 26. Nxd6 Qxd6 27. Qc7+ Rd7 28. Qc8 Nxd3 29.
Rc6 Qb4 30. Qg8 Nc5 0-1

[Event "Early-Titled-Tuesday-Blitz-June-18-2024"]
[Site "Chess.com"]
[Date "2024.06.18"]
[Round "2"]
[White "ilya2700"]
[Black "masterofpuppets2"]
[Result "0-1"]
[WhiteElo "2213"]
[BlackElo "2485"]
[TimeControl "180+1"]
[EndTime "8:17:03 PDT"]
[Termination "masterofpuppets2 won on time"]

1. e4 c6 2. d4 d5 3. exd5 cxd5 4.
Bd3 Nc6 5. c3 Qc7 6. h3 e6 7.
Nf3 Bd6 8. O-O Nge7 9. Re1 Bd7 10. a4 O-O 11. Bxh7+ Kxh7 12. Ng5+ Kg6 13. Qg4 f5 14. Qf3 e5 15. h4 Rh8 16. dxe5 Bxe5 17. b4 a6 18. Ra2 Rxh4 19. Rae2 Rah8 20. Nh3 Kf7 21. b5 axb5 22. axb5 Bh2+ 23. Kf1 Ne5 24. Qe3 N7g6 25. f4 Bxf4 26. Nxf4 Rxf4+ 27. Kg1 Re4 28. Qf3 Qb6+ 29. Qf2 Qxf2+ 30. Kxf2 Ng4+ 0-1